 Dungeon Crawl Stone Soup version 0.28.0-45-g0d030f2227 (webtiles) character file.

Game seed: 17590761848847929658

74 NinjaNoafa the Poker (level 4, -2/61 HPs)
             Began as a Minotaur Berserker on Apr 17, 2022.
             Was a Believer of Trog.
             Slain by Terence
             ... wielding a +1 morningstar of distortion
              (22 damage)
             ... on level 2 of the Dungeon.
             The game lasted 00:02:54 (1295 turns).

NinjaNoafa the Poker (Minotaur Berserker)           Turns: 1295, Time: 00:02:54

Health: -2/61      AC: 22    Str: 24    XL:     4   Next: 10%
Magic:  3/3        EV:  2    Int:  4    God:    Trog [**....]
Gold:   70         SH:  0    Dex:  9    Spells: 3/3 levels left

rFire   + . .      SeeInvis .   a - +0 spear
rCold   + . .      Faith    .   (no shield)
rNeg    . . .      Spirit   .   (armour currently unavailable)
rPois   +          Reflect  .   (helmet currently unavailable)
rElec   +          Harm     .   (cloak currently unavailable)
rCorr   +          Rampage  .   (gloves currently unavailable)
Will    .....      NoTele   +   (boots currently unavailable)
Stlth   +.........              (no amulet)
HPRegen 0.20/turn               (no ring)
MPRegen 0.08/turn               (no ring)

@: tree-form, resistant
A: stationary, stasis, torment immunity, boosted hp, (horns 2), (retaliatory
headbutt)
a: Renounce Religion, Berserk, Trog's Hand


You were on level 2 of the Dungeon.
You worshipped Trog.
Trog was pleased with you.
You were a tree.
You visited 1 branch of the dungeon, and saw 2 of its levels.

You collected 70 gold pieces.

Inventory:

Hand Weapons
 a - a +0 spear (weapon)
Missiles
 d - 44 stones (quivered)
Armour
 b - a +0 animal skin
 f - a +0 ring mail (melded)
Jewellery
 j - a ring of positive energy
Scrolls
 c - a scroll of teleportation {unknown}
 e - 2 scrolls of summoning {unknown}
Potions
 g - a potion of lignification


   Skills:
 + Level 4.3 Fighting
 + Level 4.3 Polearms
 + Level 3.3 Armour
 + Level 3.1 Dodging


You had 3 spell levels left.
You didn't know any spells.
Your spell library was empty.

Dungeon Overview and Level Annotations

Branches:
Dungeon (2/15)

Altars:

Annotations:
D:2 Terence


Innate Abilities, Weirdness & Mutations

You are a tree.
Your roots penetrate the ground, keeping you stationary.
You cannot be teleported.
You are immune to unholy pain and torment.
Your maximum health is greatly increased.
Your equipment is partially melded.
((You have a pair of horns on your head.))
((You reflexively headbutt those who attack you in melee.))


Message History

Found 15 stones.
j - a ring of positive energy
There is a stone staircase leading down here.
A goblin comes into view. It is wielding a +0 dagger.
The goblin shouts!
You reach to attack!
You closely miss the goblin. You hit the goblin but do no damage.
You headbutt the goblin.
You kill the goblin!
Trog accepts your kill.
No target in view!
No target in view!
No target in view!
No target in view!
d - 44 stones (gained 15)
You now have 70 gold pieces (gained 10).
You see here 4 poisoned darts.
Terence the Incautious comes into view.
He is wielding a +1 morningstar of distortion.
Found 10 gold pieces.
Terence shouts!
It was a potion of lignification.
You turn into a tree.
Your +0 ring mail melds into your body.
Your roots penetrate the ground.
Okay, then.
It was a potion of resistance.
You feel protected.
It was a potion of curing.
You feel better.
You closely miss Terence. Terence hits you but does no damage.
Space warps horribly around you!
You hit Terence but do no damage. Terence hits you but does no damage.
Space warps horribly around you!
You hit Terence.
Terence is lightly wounded.
Terence hits you with a +1 morningstar of distortion!
Space warps horribly around you!
You hit Terence.
Terence is lightly wounded.
Terence hits you but does no damage.
You closely miss Terence.
Terence is lightly wounded.
Terence hits you but does no damage. Space warps horribly around you!!
You die...

..).....# ##...###.# #.........
........# ###.##..# #.........
........# #.##.## #.........
##.....## #....# #.........
#.....#########..###############
#......................
#.....#########..###### #.....#
#####..###### #.....#
#....♣......# #######
#.....@....... #..............
#.............. #..............
#.............. #..............
##.$...........


You could see Terence.

Vanquished Creatures
  Jessica (D:2)
  A worm (D:2)
  2 dart slugs (D:1)
  4 endoplasms
  2 giant cockroaches (D:1)
  7 goblins
  3 hobgoblins (D:1)
  2 quokkas (D:1)
  3 ball pythons
  7 bats
  A frilled lizard (D:2)
  6 rats
39 creatures vanquished.

Notes
Turn   | Place    | Note
-------+----------+-------------------------------------------
     0 | D:1      | NinjaNoafa the Minotaur Berserker began the quest for the
                  | Orb.
     0 | D:1      | Reached XP level 1. HP: 19/19 MP: 0/0
   185 | D:1      | Reached XP level 2. HP: 27/27 MP: 1/1
   621 | D:1      | Reached ** piety under Trog
   681 | D:1      | Reached XP level 3. HP: 33/33 MP: 2/2
  1108 | D:2      | Noticed Jessica
  1114 | D:2      | Killed Jessica
  1115 | D:2      | Reached XP level 4. HP: 30/41 MP: 3/3
  1197 | D:2      | Found a faded altar of an unknown god.
  1285 | D:2      | Noticed Terence
  1295 | D:2      | Slain by Terence

Illustrated notes

Levels and vault maps discovered:
D:1:      minmay_arrival_open_corners, layout_loops_ring, minmay_misc_feat_chi
D:2:      layout_rooms, ebering_ecumenical_altar_webs, uniq_terence,
          uniq_jessica

Skill      XL: |  1  2  3 |
---------------+----------+-----
Polearms       | 4 |  4.3
Fighting       | 4 |  4.3
Armour         | 3 |  3.3
Dodging        | 3 |  3.1

Action                   |  1- 3 |  4- 6 || total
-------------------------+-------+-------++-------
Melee: Spear             |    83 |     9 ||    92
       Headbutt          |    10 |     2 ||    12
  Use: Potion            |       |     3 ||     3
 Stab: Sleeping          |     2 |       ||     2
Armor: Animal skin       |     6 |       ||     6
       Ring mail         |     7 |     1 ||     8
       Skin              |       |     4 ||     4
Dodge: Dodged            |    35 |     1 ||    36
